 Dungeon Crawl Stone Soup version 0.17.0-28-g6e173f8 (webtiles) character file.

7715 Peloso the Blocker (level 11, -1/97 HPs)
             Began as a Minotaur Fighter on Nov 28, 2015.
             Was a High Priest of Okawaru.
             Slain by an orc warrior
             ... wielding a +0 war axe
              (17 damage)
             ... on level 10 of the Dungeon.
             The game lasted 00:35:07 (9055 turns).

Peloso the Blocker (Minotaur Fighter)               Turns: 9055, Time: 00:35:07

Health: -1/97      AC: 19    Str: 23    XL:     11   Next: 0%
Magic:  8/10       EV:  3    Int:  5    God:    Okawaru [*****.]
Gold:   644        SH:  7    Dex: 11    Spells: 0 memorised, 10 levels left

rFire  . . .     SeeInvis .     O - +2 falchion
rCold  . . .     Clarity  .     r - +0 plate armour
rNeg   . . .     SustAt   .     c - +0 shield
rPois  +         Gourm    .     (helmet restricted)
rElec  .         Spirit   .     M - +0 cloak {MR+}
rCorr  .         Warding  .     i - +1 pair of gloves
rMut   .         Stasis   .     d - +1 pair of boots {Stlth+}
MR     +....                    (no amulet)
Stlth  ..........               F - +4 ring of protection
                                H - ring of poison resistance

@: heroism, very heavily drained, somewhat resistant to hostile enchantments,
extremely unstealthy
A: retaliatory headbutt, horns 2
a: Heroism, Finesse, Renounce Religion


You were on level 10 of the Dungeon.
You worshipped Okawaru.
Okawaru was extremely pleased with you.
You were not hungry.

You visited 2 branches of the dungeon, and saw 11 of its levels.
You also visited: Sewer.

You collected 644 gold pieces.

Inventory:

Hand Weapons
 a - a +1 long sword
 t - a +1 whip of draining
 O - a +2 falchion (weapon)
Armour
 c - a +0 shield (worn)
 d - a +1 pair of boots of stealth (worn)
 i - a +1 pair of gloves (worn)
 r - a +0 plate armour (worn)
 M - a +0 cloak of magic resistance (worn)
Jewellery
 E - an uncursed ring of wizardry
 F - a +4 ring of protection (right hand)
 H - a ring of poison resistance (left hand)
 Q - an uncursed ring of protection from cold
Wands
 L - a wand of flame (7)
Scrolls
 b - a scroll of fog
 h - 2 scrolls of teleportation
 m - 2 scrolls of amnesia
 s - a scroll of identify
 u - 5 scrolls of fear
 w - 4 scrolls of magic mapping
 I - 3 scrolls of enchant armour
 K - 2 scrolls of recharging {unknown}
 N - 2 scrolls of blinking
Potions
 f - 3 potions of curing
 g - a potion of haste
 j - 3 potions of flight
 k - 4 potions of magic
 n - 2 potions of brilliance {unknown}
 v - 2 potions of poison {unknown}
 x - a potion of invisibility {unknown}
 z - 3 potions of agility {unknown}
 A - a potion of resistance {unknown}
 B - 2 potions of cancellation {unknown}
 C - a potion of heal wounds {unknown}
 D - 2 potions of lignification {unknown}
 G - a potion of degeneration {unknown}
Books
 y - an Akashic Record

   Spells                             Type                      Level
   a - Dispersal                      Translocation                6
   b - Malign Gateway                 Summoning/Translocation      7
   c - Disjunction                    Translocation                8
   d - Controlled Blink               Translocation                8
 R - a book of Air

   Spells                             Type                      Level
   a - Shock                          Conjuration/Air              1
   b - Swiftness                      Charms/Air                   2
   c - Repel Missiles                 Charms/Air                   2
   d - Static Discharge               Conjuration/Air              3
   e - Lightning Bolt                 Conjuration/Air              5
Comestibles
 e - 3 bread rations
 l - 3 chunks of flesh
 o - 6 meat rations


   Skills:
 + Level 9.3(0.0) Fighting
 + Level 10.3(0.0) Long Blades
 + Level 10.0(0.0) Armour
 + Level 4.9(0.0) Dodging
 + Level 0.5(0.0) Stealth
 + Level 11.3(0.0) Shields


You had 10 spell levels left.
You didn't know any spells.

Dungeon Overview and Level Annotations

Branches:
Dungeon (10/15)            Temple (1/1) D:5            Lair (0/8) D:8
    Orc: D:9-12

Altars:
Ashenzari
Elyvilon
Gozag
Nemelex Xobeh
Okawaru
Qazlal
Ru
Trog
Vehumet
Zin
The Shining One

Shops:
D:8 [

Annotations:
D:10 Sonja


Innate Abilities, Weirdness & Mutations

You reflexively headbutt those who attack you in melee.
You have a pair of horns on your head.


Message History

Sonja blinks!
Your plate armour prevents you from hitting the orc warrior.
You headbutt the orc warrior.
The orc warrior is lightly wounded.
You block the orc warrior's attack.
Unknown command.
Your plate armour prevents you from hitting the orc warrior.
Your headbutt misses the orc warrior.
The orc warrior is lightly wounded.
The orc warrior hits you but does no damage.
Unknown command.
You barely miss the orc warrior.
The orc warrior is lightly wounded.
Sonja hits you but does no damage.
You feel drained. You block Sonja's attack.
Sonja hits you with an uncursed dagger of draining.
* * * LOW HITPOINT WARNING * * *
You feel drained.
* * * LOW HITPOINT WARNING * * *
The orc warrior hits you with a war axe!
You die...

##### ###
##...######### +.#
#.....o@K..<.# #.#
##.....######.......
##.# #....†......
..#####
.###..###......#####
#.# ....>..........#
.# ####.#######.###
.# #.# #<# #
####.##### #.#
.........# #..


You could see Sonja and an orc warrior.

Vanquished Creatures
  Erolcha (D:9)
  2 centaur zombies
  The ghost of Ivanskos the Shield-Bearer, a novice DDFi of Makhleb (D:5)
  Joseph (D:7)
  2 trolls
  The ghost of subsebi the Skirmisher, an amateur DsCK of Xom (Sewer)
  A two-headed ogre (D:8)
  5 yaks (D:10)
  A hungry ghost (D:8)
  Edmund (D:6)
  2 orc warriors
  An eye of draining (D:8)
  4 ogres
  4 centaurs
  A necrophage (D:6)
  3 big kobolds (D:6)
  2 gnoll sergeants
  6 scorpions
  5 giant frogs
  7 killer bees
  An electric eel (D:6)
  A water moccasin skeleton (D:8)
  3 jellies
  10 wights
  5 crimson imps
  2 giant frog skeletons
  5 hounds
  7 orc wizards
  Crazy Yiuf (D:6)
  A centaur skeleton (D:4)
  3 orc priests
  A quasit (D:8)
  3 iguanas
  5 worker ants
  A killer bee zombie (D:10)
  A hound zombie (D:9)
  A hound skeleton (D:7)
  A worker ant zombie (D:10)
  Robin (D:4)
  10 gnolls
  A river rat (D:5)
  8 adders
  2 shadow imps
  An adder zombie (D:6)
  7 oozes
  2 adder skeletons (D:6)
  4 worms
  6 giant geckos
  26 orcs
  6 ball pythons
  9 giant cockroaches
  15 goblins
  12 hobgoblins
  6 jackals
  7 quokkas
  15 bats
  3 giant gecko skeletons
  12 giant newts
  2 jackal skeletons
  2 jackal zombies
  40 kobolds
  A quokka skeleton (D:4)
  5 rats
306 creatures vanquished.

Vanquished Creatures (others)
  An orc wizard (D:7)
  A quokka (D:6)
2 creatures vanquished.

Grand Total: 308 creatures vanquished

Notes
Turn   | Place    | Note
--------------------------------------------------------------
     0 | D:1      | Peloso the Minotaur Fighter began the quest for the Orb.
     0 | D:1      | Reached XP level 1. HP: 19/19 MP: 0/0
   131 | D:1      | Reached skill level 4 in Fighting
   131 | D:1      | Reached XP level 2. HP: 24/27 MP: 1/1
   857 | D:2      | Reached XP level 3. HP: 32/34 MP: 2/2
  1385 | D:3      | Reached skill level 1 in Dodging
  1535 | D:3      | Reached XP level 4. HP: 39/41 MP: 3/3
  1891 | D:4      | Reached skill level 5 in Shields
  1891 | D:4      | Reached XP level 5. HP: 35/47 MP: 4/4
  1949 | D:4      | Noticed Robin
  1963 | D:4      | Killed Robin
  2348 | D:4      | Found an opulent altar of Gozag.
  2845 | D:5      | Entered Level 5 of the Dungeon
  2847 | D:5      | Noticed a centaur
  2857 | D:5      | Killed a centaur
  2857 | D:5      | Reached skill level 5 in Fighting
  2857 | D:5      | Reached XP level 6. HP: 46/56 MP: 5/5
  3044 | D:5      | Found an iron altar of Okawaru.
  3048 | D:5      | Became a worshipper of Warmaster Okawaru
  3068 | D:5      | Reached skill level 5 in Armour
  3105 | D:5      | Noticed Ivanskos's ghost (novice DDFi)
  3117 | D:5      | Killed Ivanskos's ghost
  3117 | D:5      | Reached * piety under Okawaru
  3117 | D:5      | Reached skill level 6 in Shields
  3117 | D:5      | Reached XP level 7. HP: 21/61 MP: 6/6
  3352 | D:5      | Found a glowing drain.
  3378 | Sewer    | Entered a sewer
  3421 | Sewer    | Noticed subsebi's ghost (amateur DsCK)
  3434 | Sewer    | Killed subsebi's ghost
  3434 | Sewer    | Reached skill level 5 in Long Blades
  3434 | Sewer    | Reached skill level 7 in Shields
  3445 | Sewer    | Reached XP level 8. HP: 55/69 MP: 7/7
  4136 | D:5      | Found a staircase to the Ecumenical Temple.
  4153 | Temple   | Entered the Ecumenical Temple
  4193 | D:5      | Found an opulent altar of Gozag.
  4408 | D:6      | Found a radiant altar of Vehumet.
  4789 | D:6      | Noticed Edmund
  4802 | D:6      | Killed Edmund
  4910 | D:6      | Found a white marble altar of Elyvilon.
  4923 | D:6      | Reached ** piety under Okawaru
  5115 | D:6      | You fall through a shaft!
  5139 | D:7      | Noticed Joseph
  5164 | D:7      | Killed Joseph
  5164 | D:7      | Reached skill level 8 in Shields
  5198 | D:7      | Reached XP level 9. HP: 52/78 MP: 8/8
  5361 | D:7      | Found a glowing silver altar of Zin.
  5460 | D:7      | Reached *** piety under Okawaru
  6072 | D:6      | Reached skill level 9 in Shields
  6406 | D:6      | Noticed a centaur zombie
  6418 | D:6      | Killed a centaur zombie
  6418 | D:6      | Reached **** piety under Okawaru
  6625 | D:6      | Noticed Crazy Yiuf
  6628 | D:6      | Killed Crazy Yiuf
  6946 | D:8      | Reached XP level 10. HP: 43/88 MP: 9/9
  7163 | D:8      | Found a stormy altar of Qazlal.
  7175 | D:8      | Found a sparkling altar of Nemelex Xobeh.
  7178 | D:8      | Found a glowing golden altar of the Shining One.
  7390 | D:8      | Reached skill level 10 in Shields
  7630 | D:8      | Found Utaodith's Antique Armour Boutique.
  7710 | D:8      | Found a staircase to the Lair.
  8224 | D:9      | Noticed Erolcha
  8236 | D:9      | Killed Erolcha
  8236 | D:9      | Reached ***** piety under Okawaru
  8358 | D:9      | Reached skill level 10 in Long Blades
  8485 | D:9      | Identified a scroll of acquirement
  8644 | D:10     | Entered Level 10 of the Dungeon
  8730 | D:10     | Noticed Sonja
  8745 | D:10     | Reached skill level 11 in Shields
  8882 | D:10     | Reached skill level 10 in Armour
  8939 | D:10     | Reached XP level 11. HP: 24/97 MP: 10/10
  9055 | D:10     | Slain by an orc warrior

Action                   |  1- 3 |  4- 6 |  7- 9 | 10-12 || total
-------------------------+-------+-------+-------+-------++-------
Melee: Long sword        |   133 |   157 |   322 |       ||   612
       Falchion          |       |       |   152 |   361 ||   513
Invok: Heroism           |       |       |       |     3 ||     3
Evoke: Wand              |       |       |       |     1 ||     1
  Use: Potion            |       |     1 |     1 |     2 ||     4
       Scroll            |       |       |    14 |     5 ||    19
  Eat: Chunk             |     2 |     6 |     9 |     7 ||    24
       Meat ration       |       |       |     1 |       ||     1
       Pizza             |       |       |     1 |       ||     1
       Beef jerky        |       |       |     1 |       ||     1
